 Dungeon Sprint DCSS version 0.30.1-11-g7821555f0a (webtiles) character file.

Game seed: 6658903793059348584

786 Heoruswealwe the Spear-Bearer (level 7, -19/73 HPs)
             Began as a Minotaur Fighter on Oct 29, 2023.
             Was an Initiate of Gozag.
             Demolished by a two-headed ogre
             ... wielding a +0 giant spiked club
              (25 damage)
             ... in the Dungeon (Sprint IX: "|||||||||||||||||||||||||||||").
             The game lasted 00:02:56 (188 turns).

Heoruswealwe the Spear-Bearer (Minotaur Fighter)     Turns: 188, Time: 00:03:00

Health: -19/73     AC: 16    Str: 23    XL:     7   Next: 56%
Magic:  6/6        EV:  7    Int:  5    God:    Gozag
Gold:   0          SH:  0    Dex:  9    Spells: 6/6 levels left

rFire   . . .        b - +2 halberd (venom)
rCold   . . .        (shield currently unavailable)
rNeg    . . .        c - +0 plate armour
rPois   .            (helmet restricted)
rElec   .            (no cloak)
rCorr   .            (no gloves)
SInv    .            e - +0 pair of boots
Will    .....        (no amulet) Stlth
                     (no ring)
HPRegen 0.32/turn    (no ring)
MPRegen 0.10/turn

%: no teleportation
@: gold aura
A: horns 2, retaliatory headbutt
a: Renounce Religion, Potion Petition, Call Merchant, Bribe Branch


You were in the Dungeon.
You worshipped Gozag.
Gozag was noncommittal.
You visited 1 branch

Inventory:

Hand Weapons
 a - a +0 trident
 b - a +2 halberd of venom (weapon)
Armour
 c - a +0 plate armour (worn)
 d - a +0 buckler
 e - a +0 pair of boots (worn)
Wands
 h - a wand of acid (10)
Scrolls
 j - 2 scrolls of blinking
Potions
 f - 3 potions of curing
 g - a potion of haste
 i - a potion of berserk rage
 k - a potion of might


   Skills:
 + Level 10.7 Fighting
 * Level 14.1 Polearms
 + Level 10.7 Armour
 - Level 3.6 Shields


You had 6 spell levels left.
You didn't know any spells.
Your spell library was empty.

Dungeon Overview and Level Annotations

Branches:
Dungeon (1/1)

Altars:
Cheibriados
Dithmenos
Elyvilon
Fedhas
Gozag
Hepliaklqana
Kikubaaqudgha
Makhleb
Nemelex Xobeh
Okawaru
Qazlal
Ru
Sif Muna
Trog
Uskayaw
Vehumet
Wu Jian
Xom
Yredelemnul
Zin
The Shining One
Jiyva
Lugonu


Innate Abilities, Weirdness & Mutations

You have a pair of horns on your head.
You reflexively headbutt those who attack you in melee.


Message History

Reactivating autopickup.
You feel a bit more experienced.
Reach: b) +2 halberd (venom)
Press: ? - help, Dir - move target, f - acid dragon
Aim: an acid dragon (catching its breath, about 36% to evade your +2 halberd of venom)
You reach to attack!
You hit the acid dragon but do no damage.
You barely miss the acid dragon.
The two-headed ogre is distracted by your dazzling golden aura.
The acid dragon bites you!
The acid dragon claws you but does no damage.
The two-headed ogre shouts in stereo!
You slice the acid dragon!!
The acid dragon is severely wounded.
You barely miss the acid dragon.
The acid dragon is severely wounded.
The acid dragon bites you but does no damage.
The acid dragon claws you.
You barely miss the acid dragon.
The acid dragon is severely wounded.
The acid dragon barely misses you. x2
You hit the acid dragon.
You kill the acid dragon!
Your Polearms skill increases to level 14!
The two-headed ogre is no longer distracted by gold.
Reach: b) +2 halberd (venom)
Press: ? - help, Dir - move target, f - two-headed ogre
Aim: a two-headed ogre, wielding a +0 giant spiked club and a +0 giant club (about 22% to evade your +2 halberd of venom)
You reach to attack!
You hit the two-headed ogre but do no damage.
You hit the two-headed ogre but do no damage.
Your headbutt misses the two-headed ogre.
You slice the two-headed ogre!!
The two-headed ogre is poisoned.
You headbutt the two-headed ogre, but do no damage.
The two-headed ogre is heavily wounded.
The two-headed ogre hits you with a +0 giant spiked club!!
* * * LOW HITPOINT WARNING * * *
The two-headed ogre hits you with a +0 giant club!!
You die...
Your body crumbles into a pile of gold.

▓)▓
$
▓[▓
$
▓[▓
▓=▓
$
▓=▓
▓.▓
$
▓.▓
$
▓$▓
$
▓@▓
▓O▓
$
▓.▓
$
▓.▓
$ $
▓.▓
$
▓.▓
$
▓+▓


You could see a two-headed ogre (very poisoned).

Vanquished Creatures
  A yak (D)
  A steam dragon (D)
  An acid dragon (D)
  An ogre (D)
  2 phantoms (D)
  A kobold brigand (D)
  A hound (D)
  An iguana (D)
  A dart slug (D)
  A ball python (D)
  2 endoplasms (D)
  A giant cockroach (D)
14 creatures vanquished.

Vanquished Creatures (others)
  A vampire (D)
1 creature vanquished.

Grand Total: 15 creatures vanquished

Notes
Turn   | Place    | Note
-------+----------+-------------------------------------------
     0 | D        | Heoruswealwe the Minotaur Fighter began the quest for the
                  | Orb.
     0 | D        | Reached XP level 1. HP: 19/19 MP: 0/0
     8 | D        | Reached skill level 3 in Polearms
    15 | D        | Reached skill level 4 in Polearms
    15 | D        | Reached XP level 2. HP: 26/28 MP: 1/1
    22 | D        | Noticed a phantom
    22 | D        | Noticed a phantom
    22 | D        | Noticed an ogre
    32 | D        | Killed a phantom
    33 | D        | Reached skill level 7 in Polearms
    33 | D        | Reached XP level 3. HP: 27/37 MP: 2/2
    33 | D        | Reached XP level 4. HP: 33/44 MP: 3/3
    48 | D        | Killed a phantom
    49 | D        | Reached skill level 9 in Polearms
    49 | D        | Reached XP level 5. HP: 21/52 MP: 4/4
    60 | D        | Killed an ogre
    61 | D        | Reached skill level 10 in Polearms
    67 | D        | Reached skill level 11 in Polearms
    67 | D        | Reached XP level 6. HP: 16/62 MP: 5/5
    73 | D        | Found a snail-covered altar of Cheibriados.
    73 | D        | Found a shadowy altar of Dithmenos.
    73 | D        | Found a white marble altar of Elyvilon.
    73 | D        | Found a blossoming altar of Fedhas.
    73 | D        | Found an opulent altar of Gozag.
    74 | D        | Found a hazy altar of Hepliaklqana.
    75 | D        | Found a viscous altar of Jiyva.
    76 | D        | Found an ancient bone altar of Kikubaaqudgha.
    77 | D        | Found a corrupted altar of Lugonu.
    78 | D        | Found a burning altar of Makhleb.
    79 | D        | Found a sparkling altar of Nemelex Xobeh.
    80 | D        | Found an iron altar of Okawaru.
    81 | D        | Became a worshipper of Gozag Ym Sagoz the Greedy
    82 | D        | Found a stormy altar of Qazlal.
    83 | D        | Found a sacrificial altar of Ru.
    84 | D        | Found a shimmering blue altar of Sif Muna.
    85 | D        | Found a bloodstained altar of Trog.
    86 | D        | Found a hide-covered altar of Uskayaw.
    87 | D        | Found a radiant altar of Vehumet.
    88 | D        | Found an ornate altar of the Wu Jian Council.
    89 | D        | Found a shimmering altar of Xom.
    90 | D        | Found a basalt altar of Yredelemnul.
    91 | D        | Found a glowing silver altar of Zin.
    92 | D        | Found a glowing golden altar of the Shining One.
   151 | D        | Noticed a yak
   151 | D        | Noticed a steam dragon
   151 | D        | Noticed a vampire
   151 | D        | Noticed an acid dragon
   151 | D        | Noticed a two-headed ogre
   155 | D        | Killed a yak
   156 | D        | Reached skill level 12 in Polearms
   162 | D        | Killed a steam dragon
   163 | D        | Reached skill level 10 in Fighting
   163 | D        | Reached skill level 13 in Polearms
   163 | D        | Reached skill level 10 in Armour
   163 | D        | Reached XP level 7. HP: 17/72 MP: 6/6
   178 | D        | Killed a vampire
   185 | D        | Reached skill level 14 in Polearms
   188 | D        | Demolished by a two-headed ogre

Illustrated notes

Levels and vault maps discovered:
D:        linesprint [early_d, line_temple, items_1, d_10, items_2, lair_1,
          lair_end, items_3, orc_1, orc_end, items_4, d_15, swamp_1, shoals_1,
          snake_1, spider_1, d_20, vaults_1, items_5, swamp_end, shoals_end,
          snake_end, spider_end, vaults_end, d_27, items_6, zot_1, zot_end,
          crypt_end, forest_end, elf_end, slime_end, tomb_end, abyss_end,
          pan_hell_end]

Skill      XL: |  1  2  3  4  5  6  7 |
---------------+----------------------+-----
Polearms       | 4 7 9 11 13 14 | 14.1
Fighting       | 4 6 7 8 10 | 10.7
Armour         | 4 6 7 8 10 | 10.7
Shields        | |  3.6

Action                     |  1- 3 |  4- 6 |  7- 9 || total
---------------------------+-------+-------+-------++-------
  Melee: Trident           |    19 |    32 |       ||    51
         Headbutt          |     2 |     4 |     3 ||     9
         Halberd           |       |    10 |    20 ||    30
    Use: Potion            |       |     2 |     3 ||     5
 Armour: Scale mail        |     7 |     2 |       ||     9
         Plate armour      |       |     5 |    13 ||    18
  Dodge: Dodged            |     6 |    10 |     2 ||    18
  Block: Buckler           |     3 |     8 |       ||    11
